 Dungeon Crawl Stone Soup version 0.29.0-4-gdea44cf6ec (webtiles) character file.

Game seed: 13998015289030280083

174 qw the Chopper (level 5, -4/30 HPs)
             Began as a Tengu Warper on Aug 28, 2022.
             Slain by a gnoll
             ... wielding a +0 halberd
              (11 damage)
             ... on level 3 of the Dungeon.
             The game lasted 00:00:13 (2692 turns).

qw the Chopper (Tengu Warper)                       Turns: 2692, Time: 00:00:14

Health: -4/30      AC:  6    Str: 13    XL:     5   Next: 54%
Magic:  9/9        EV: 11    Int: 14    God:
Gold:   125        SH:  0    Dex: 13    Spells: 8/8 levels left

rFire   . . .      SeeInvis .   Y - +0 hand axe
rCold   . . .      Faith    .   (no shield)
rNeg    + . .      Spirit   .   g - +0 scale mail
rPois   .          Reflect  .   (helmet restricted)
rElec   .          Harm     .   (no cloak)
rCorr   .          Rampage  .   (no gloves)
Will    .....                   (boots unavailable)
Stlth   ..........              (no amulet)
HPRegen 0.10/turn               i - ring of positive energy
MPRegen 0.11/turn               (no ring)

@: about to teleport, flying quickly and evasively, quick
A: beak, talons 3, nimble flight
a: no special abilities


You were on level 3 of the Dungeon.
You visited 1 branch of the dungeon, and saw 3 of its levels.

You collected 125 gold pieces.


Innate Abilities, Weirdness & Mutations

You have a beak for a mouth.
You have claws for feet.
Your magical nature lets you fly swiftly and evasively.


   Skills:
 - Level 2.0 Fighting
 + Level 6.1 Axes
 - Level 1.0 Throwing
 - Level 1.1 Armour
 - Level 2.1 Dodging
 - Level 2.0 Spellcasting
 - Level 2.4 Translocations


You had 8 spell levels left.
You didn't know any spells.
Your spell library contained the following spells:

 Spells                   Type           Power      Damage    Failure   Level
 Blink                    Tloc           16%        N/A       54%         2
 Gell's Gravitas          Tloc           8%         N/A       78%         3
 Lesser Beckoning         Tloc           8%         N/A       78%         3
 Teleport Other           Tloc           8%         N/A       78%         3
 Manifold Assault         Tloc           8%         N/A       100%        5

Inventory:

Hand Weapons
 f - a +0 whip
 Y - a +0 hand axe (weapon)
Missiles
 b - 4 boomerangs (quivered)
Armour
 g - a +0 scale mail (worn)
Jewellery
 i - a ring of positive energy (left hand)
Scrolls
 a - 3 scrolls of teleportation
 e - a scroll of identify
Potions
 c - a potion of cancellation
 d - a potion of curing {unknown}
 h - 2 potions of mutation
 j - a potion of haste {unknown}
 k - a potion of brilliance {unknown}

Dungeon Overview and Level Annotations

Branches:
Dungeon (3/15)

Altars:


Message History

You start resting.
HP restored.
Things that are here:
a +0 short sword; 3 stones; a kobold corpse A frilled lizard comes into view.
The frilled lizard hisses angrily.
The hobgoblin shouts!
You hear a shout!
The hobgoblin throws a poisoned dart.
The poisoned dart barely misses you.
You hit the hobgoblin but do no damage. The hobgoblin barely misses you.
You hit the hobgoblin. Your kick misses the hobgoblin.
The hobgoblin is severely wounded.
A gnoll comes into view. It is wielding a +0 halberd.
The hobgoblin hits you but does no damage.
2681 ||| Stepping ~*~*~tactically~*~*~ (hiding).
You hit the hobgoblin.
You kill the hobgoblin!
Throw: 4 boomerangs
Press: ? - help, Q - select action Shift-Dir - straight line, f - frilled lizard You throw a boomerang.
The boomerang closely misses the frilled lizard.
You barely miss the frilled lizard. Your peck misses the frilled lizard.
The frilled lizard barely misses you.
You barely miss the frilled lizard. You claw the frilled lizard.
You kill the frilled lizard!
You start waiting.
A gnoll is nearby!
The gnoll hits you from afar with a +0 halberd.
Things that are here:
6 poisoned darts; a frilled lizard corpse; a hobgoblin corpse The gnoll hits you with a +0 halberd!
You barely miss the gnoll. The gnoll closely misses you.
You hit the gnoll.
The gnoll is lightly wounded.
The gnoll hits you with a +0 halberd!
2692 ||| READING 4 scrolls of teleportation.
As you read the scroll of teleportation, it crumbles to dust.
You feel strangely unstable. The gnoll hits you with a +0 halberd!
You die...

##. #.. #.# #.# #.#
#########.#
###.......#.#
+.#.......(@#
#.#........#g..#
#.#.......##.......
###.#######.# .......
#.........).# #......
#.####...>.## ......
#....#.##.## ......
#....#.##.#####......
####.(..#.#............


You could see a gnoll.

Vanquished Creatures
  An ogre (D:2)
  2 adders
  A worm (D:2)
  4 dart slugs
  An orc (D:2)
  9 endoplasms
  A giant cockroach (D:1)
  4 goblins
  8 hobgoblins
  2 jackals (D:1)
  3 quokkas (D:2)
  6 ball pythons
  4 bats
  3 frilled lizards
  3 kobolds
  5 rats
57 creatures vanquished.

Notes
Turn   | Place    | Note
-------+----------+-------------------------------------------
     0 | D:1      | qw the Tengu Warper began the quest for the Orb.
     0 | D:1      | Reached XP level 1. HP: 12/12 MP: 4/4
     0 | D:1      | 0 ||| qw: Version: 0.1-a-89-g26bdef1
     0 | D:1      | 0 ||| qw: Game counter: 3020
     0 | D:1      | 0 ||| qw: Always use a shield: true
     0 | D:1      | 0 ||| qw: God list: Okawaru
     0 | D:1      | 0 ||| qw: Allow faded altars: false
     0 | D:1      | 0 ||| qw: Do Orc after D:15 true
     0 | D:1      | 0 ||| qw: Do second Lair branch before Depths: true
     0 | D:1      | 0 ||| qw: Lair rune preference: random
     0 | D:1      | 0 ||| qw: Plans: Normal
     0 | D:1      | 0 ||| PLANNING D:1-11
   233 | D:1      | Reached skill level 3 in Axes
   233 | D:1      | Reached XP level 2. HP: 17/17 MP: 6/6
   242 | D:1      | 242 ||| Stepping ~*~*~tactically~*~*~ (stealth).
   245 | D:1      | 245 ||| Stepping ~*~*~tactically~*~*~ (stealth).
   246 | D:1      | 246 ||| Stepping ~*~*~tactically~*~*~ (stealth).
   469 | D:1      | 469 ||| Stepping ~*~*~tactically~*~*~ (stealth).
   474 | D:1      | 474 ||| Stepping ~*~*~tactically~*~*~ (stealth).
   543 | D:1      | 543 ||| Stepping ~*~*~tactically~*~*~ (hiding).
   645 | D:1      | 645 ||| Stepping ~*~*~tactically~*~*~ (hiding).
   747 | D:1      | 747 ||| Stepping ~*~*~tactically~*~*~ (hiding).
  1105 | D:1      | Reached XP level 3. HP: 21/21 MP: 7/7
  1319 | D:1      | 1319 ||| READING scroll labelled YWEOMO RIFIU.
  1322 | D:1      | 1322 ||| READING 3 scrolls labelled EBBUNG GIEMEG.
  1323 | D:1      | 1323 ||| READING scroll labelled ATTARI QEGHENOCS.
  1324 | D:1      | 1324 ||| READING 2 scrolls of identify.
  1324 | D:1      | 1324 ||| IDENTIFYING blue potion
  1325 | D:1      | 1325 ||| DROPPING scroll of blinking.
  1339 | D:2      | 1339 ||| STAIRDANCE
  1416 | D:2      | 1416 ||| STAIRDANCE
  1456 | D:2      | Noticed an ogre
  1463 | D:2      | Reached skill level 4 in Axes
  1467 | D:2      | Killed an ogre
  1468 | D:2      | Reached skill level 5 in Axes
  1468 | D:2      | Reached XP level 4. HP: 16/26 MP: 8/8
  1652 | D:2      | 1652 ||| Stepping ~*~*~tactically~*~*~ (hiding).
  1658 | D:2      | Gained mutation: Your magical nature lets you fly swiftly
                  | and evasively. [Tengu growth]
  1658 | D:2      | Reached XP level 5. HP: 29/30 MP: 9/9
  1721 | D:2      | 1721 ||| FLEEEEING.
  1722 | D:2      | 1722 ||| FLEEEEING.
  1723 | D:2      | 1723 ||| FLEEEEING.
  1724 | D:2      | 1724 ||| FLEEEEING.
  1725 | D:2      | 1725 ||| FLEEEEING.
  1795 | D:2      | 1795 ||| Stepping ~*~*~tactically~*~*~ (hiding).
  1811 | D:2      | 1811 ||| Stepping ~*~*~tactically~*~*~ (stealth).
  1877 | D:2      | 1877 ||| Stepping ~*~*~tactically~*~*~ (stealth).
  1902 | D:2      | 1902 ||| Stepping ~*~*~tactically~*~*~ (stealth).
  2114 | D:2      | 2114 ||| Stepping ~*~*~tactically~*~*~ (stealth).
  2115 | D:2      | Found a faded altar of an unknown god.
  2116 | D:2      | 2116 ||| Stepping ~*~*~tactically~*~*~ (stealth).
  2142 | D:2      | Reached skill level 6 in Axes
  2426 | D:2      | 2426 ||| UPGRADING to +0 scale mail.
  2436 | D:2      | 2436 ||| DROPPING +0 leather armour.
  2437 | D:2      | 2437 ||| UPGRADING to ring of positive energy.
  2438 | D:2      | 2438 ||| READING scroll labelled DERYEH OGIGOVE.
  2439 | D:2      | 2439 ||| READING 2 scrolls of identify.
  2439 | D:2      | 2439 ||| IDENTIFYING viscous emerald potion
  2628 | D:3      | 2628 ||| Stepping ~*~*~tactically~*~*~ (stealth).
  2632 | D:3      | 2632 ||| Stepping ~*~*~tactically~*~*~ (stealth).
  2681 | D:3      | 2681 ||| Stepping ~*~*~tactically~*~*~ (hiding).
  2691 | D:3      | HP: 6/30 [gnoll/+0 halberd (11)]
  2692 | D:3      | 2692 ||| READING 4 scrolls of teleportation.
  2692 | D:3      | Slain by a gnoll

Levels and vault maps discovered:
D:1:      psy_arrival_basics, layout_basic
D:2:      minmay_recursive_quarters, layout_basic,
          hellmonk_ecumenical_altar_run_dry
D:3:      layout_basic, serial_shops, shop, corexii_shack

Skill      XL: |  1  2  3  4  5 |
---------------+----------------+-----
Axes           | 3 5 6 |  6.1
Fighting       | |  2.0
Throwing       | |  1.0
Armour         | |  1.1
Dodging        | |  2.1
Spellcasting   | |  2.0
Translocations | |  2.4

Action                   |  1- 3 |  4- 6 || total
-------------------------+-------+-------++-------
Melee: Hand axe          |    53 |    77 ||   130
       Kick              |    10 |    20 ||    30
       Peck              |     6 |    11 ||    17
       Punch             |       |     1 ||     1
Throw: Boomerang         |     7 |     5 ||    12
  Use: Scroll            |     4 |     3 ||     7
Armor: Leather armour    |    12 |     4 ||    16
       Scale mail        |       |     7 ||     7
Dodge: Dodged            |    34 |    28 ||    62

Table legend:
 A = Non-vault XP
 B = Vault XP
 C = Vault XP percentage of total XP
 D = Non-vault monster count
 E = Vault monster count
 F = Vault count percentage of total count
                 A         B        C        D         E       F
            +---------+---------+-------+---------+---------+-------
      Total |     227 |      22 |   8.8 |      46 |      11 |  19.3
            +---------+---------+-------+---------+---------+-------
        D:1 |      41 |       0 |   0.0 |      22 |       0 |   0.0
        D:2 |     162 |      22 |  12.0 |      16 |      11 |  40.7
        D:3 |      24 |       0 |   0.0 |       8 |       0 |   0.0
            +---------+---------+-------+---------+---------+-------
